 Dungeon Crawl Stone Soup version 0.28-a0-407-g69098e2f6d (webtiles) character file.

Game seed: 909873100030273082

113 dolemite99 the Conjurer (level 4, -1/27 HPs)
             Began as an Octopode Air Elementalist on Sept 5, 2021.
             Slain by an orc priest (6 damage)
             ... on level 4 of the Dungeon.
             The game lasted 00:05:04 (4981 turns).

dolemite99 the Conjurer (Octopode Air Elementalist) Turns: 4981, Time: 00:05:05

Health: -1/27      AC:  2    Str:  7    XL:     4   Next: 96%
Magic:  3/7        EV: 13    Int: 18    God:
Gold:   154        SH:  0    Dex: 12    Spells: 4/7 levels left

rFire   . . .      SeeInvis .   p - +2 whip (venom)
rCold   . . .      Faith    .   (no shield)
rNeg    . . .      Spirit   .   n - +1 hat
rPois   .          Reflect  .   (no amulet)
rElec   .          Harm     .   (no ring)
rCorr   .          Rampage  .   (no ring)
Will    .....                   (no ring)
Stlth   +++.......              (no ring)
HPRegen 0.09/turn               (no ring)
MPRegen 0.10/turn               (no ring)
                                (no ring)
                                (no ring)

@: no status effects
A: almost no armour, amphibious, 8 rings, camouflage 1, gelatinous body 1,
(nimble swimmer 1), tentacles
a: no special abilities


You were on level 4 of the Dungeon.
You visited 1 branch of the dungeon, and saw 4 of its levels.

You collected 154 gold pieces.

Inventory:

Hand Weapons
 a - a +0 dagger
 b - a +0 hunting sling
 d - a +0 flail
 h - a +0 hand axe
 i - a +0 long sword
 p - a +2 whip of venom (weapon)
Missiles
 j - 50 stones
 k - 17 arrows
Armour
 n - a +1 hat (worn)
Wands
 t - a wand of digging (5)
Scrolls
 c - a scroll of immolation {unknown}
 l - 2 scrolls of enchant weapon {unknown}
 m - 2 scrolls of identify {unknown}
 q - 2 scrolls of magic mapping {unknown}
 r - 2 scrolls of fog {unknown}
 s - a scroll of teleportation {unknown}
Potions
 e - 3 potions of curing {unknown}
 f - a potion of might {unknown}
 g - a potion of degeneration {unknown}
 o - a potion of brilliance {unknown}


   Skills:
 - Level 2.0 Dodging
 - Level 2.6 Stealth
 - Level 2.0 Spellcasting
 + Level 4.1 Conjurations
 + Level 3.6 Air Magic


You had 4 spell levels left.
You knew the following spells:

 Your Spells              Type           Power      Damage    Failure   Level
a - Shock                 Conj/Air       60%        1d6       3%          1
b - Static Discharge      Conj/Air       15%        N/A       5%          2

Your spell library contained the following spells:

 Spells                   Type           Power      Damage    Failure   Level
 Swiftness                Air            14%        N/A       12%         3
 Poisonous Vapours        Pois/Air       16%        N/A       13%         2
 Sting                    Tmut/Pois      4%         1d3       19%         1
 Airstrike                Air            7%         N/A       38%         4
 Summon Guardian Golem    Hex/Summ       1%         N/A       47%         3
 Olgreb's Toxic Radiance  Pois           1%         N/A       87%         4
 Orb of Destruction       Conj           8%         9d4       100%        7
 Spellforged Servitor     Conj/Summ      4%         N/A       100%        7


Dungeon Overview and Level Annotations

Branches:
Dungeon (4/15)             Temple (0/1) D:4

Altars:


Innate Abilities, Weirdness & Mutations

You cannot wear most types of armour.
You are amphibious.
You can wear up to eight rings at the same time.
Your skin changes colour to match your surroundings (Stealth+).
Your rubbery body absorbs attacks. (AC +1, EV +1)
((You are camouflaged near water. (Stealth+)))
You have tentacles for arms and can constrict up to eight enemies at once.


Message History

You can't see any susceptible monsters within range! (Use Z to cast anyway.)
You now have 121 gold pieces (gained 14).
There are no items here.
You now have 135 gold pieces (gained 14).
An endoplasm and a skeleton come into view.
Casting: Shock (safe; 3% risk of failure)
Confirm with . or Enter, or press ? or * to list all spells.
Aiming: Shock (safe; 3% risk of failure)
Press: ? - help, Shift-Dir - straight line, f - endoplasm
Aim: an endoplasm (asleep, 100% to hit)
The zap hits the endoplasm.
The endoplasm is lightly wounded.
The endoplasm quivers.
An orc priest comes into view. It is wielding a +0 short sword.
Found a staircase to the Ecumenical Temple.
You see here 19 gold pieces.
You now have 154 gold pieces (gained 19).
The orc priest invokes the aid of Beogh against you.
Beogh smites you! The orc priest barely misses you.
Casting: Shock (safe; 3% risk of failure)
Confirm with . or Enter, or press ? or * to list all spells.
The orc priest is struck by an arc of lightning.
The orc priest is heavily wounded.
The lightning grounds out.
The endoplasm jiggles.
The orc priest hits you with a +0 short sword.
The endoplasm freezes you.
You are frozen.
* * * LOW HITPOINT WARNING * * *
The adder skeleton closely misses you. The orc priest closely misses you.
Casting: Static Discharge (safe; 5% risk of failure)
Confirm with . or Enter, or press ? or * to list all spells.
The endoplasm is struck by an arc of lightning!
You kill the endoplasm!
You are struck by an arc of lightning.
* * * LOW HITPOINT WARNING * * *
The lightning grounds out.
The adder skeleton barely misses you.
The orc priest hits you with a +0 short sword.
You die...

..###...#....#. .
...........#..## ...
#..#.......#.... ....
#.###.......##.. .....
#.. #.......###.
......###.# #...<.<.....
..........###......##...
......##....#...........
......o@........##.[....
........Z.....#.#.).###.
..>...............### ##
...................# #
.#.###.........#...# #.
##....†...#......# #
#....##..#......#
...##..##..#......#
.......###....#####


You could see an orc priest and an adder skeleton.

Vanquished Creatures
  5 gnolls
  A worm (D:3)
  A dart slug (D:1)
  2 orcs
  4 bats
  3 endoplasms
  7 giant cockroaches
  4 goblins
  3 hobgoblins
  4 jackals (D:2)
  3 quokkas
  3 ball pythons
  7 frilled lizards
  3 kobolds
  8 rats
58 creatures vanquished.

Vanquished Creatures (others)
  3 withered plants (D:1)
3 creatures vanquished.

Grand Total: 61 creatures vanquished

Notes
Turn   | Place    | Note
-------+----------+-------------------------------------------
     0 | D:1      | dolemite99 the Octopode Air Elementalist began the quest
                  | for the Orb.
     0 | D:1      | Reached XP level 1. HP: 11/11 MP: 3/3
   571 | D:1      | Reached skill level 2 in Conjurations
   571 | D:1      | Reached XP level 2. HP: 17/17 MP: 0/5
  1065 | D:1      | Reached XP level 3. HP: 19/21 MP: 0/6
  1323 | D:1      | Found a faded altar of an unknown god.
  1356 | D:1      | Reached skill level 3 in Conjurations
  2488 | D:2      | Learned a level 2 spell: Static Discharge
  2869 | D:2      | Reached XP level 4. HP: 27/27 MP: 5/7
  4296 | D:3      | Reached skill level 4 in Conjurations
  4973 | D:4      | Found a staircase to the Ecumenical Temple.
  4981 | D:4      | Slain by an orc priest

Illustrated notes

Levels and vault maps discovered:
D:1:      dpeg_arrival_erosion, layout_rooms,
          ebering_ecumenical_altar_petrified, minmay_misc_feat_doors
D:2:      layout_rooms, st_stairs_1
D:3:      layout_loops_cross
D:4:      layout_cave_pools, nicolae_gozag_seed_capital,
          minmay_temple_entry_proselytizer, uniq_crazy_yiuf_cottage

Skill      XL: |  1  2  3  4 |
---------------+-------------+-----
Conjurations   | 2 3 4 |  4.1
Dodging        | |  2.0
Stealth        | |  2.6
Spellcasting   | |  2.0
Air Magic      | |  3.6

Action                   |  1- 3 |  4- 6 || total
-------------------------+-------+-------++-------
Melee: Unarmed           |    12 |       ||    12
       Tentacles         |     5 |     2 ||     7
       Constrict         |     6 |     5 ||    11
       Whip              |       |    18 ||    18
 Cast: Shock             |    67 |    27 ||    94
       Static Discharge  |       |     5 ||     5
 Stab: Sleeping          |       |     2 ||     2
Armor: Skin              |     3 |       ||     3
Dodge: Dodged            |    38 |    24 ||    62

Table legend: (Time is in decaauts)
 A = Elapsed time spent in this place.
 B = Non-inter-level travel time spent in this place.
 C = Inter-level travel time spent in this place.
 D = Time resting spent in this place.
 E = Time spent auto-exploring this place.
 F = Levels seen in this place.
 G = Mean time per level.
                   A        B        C        D        E       F      G
               +--------+--------+--------+--------+--------+-----+--------+
         Total |   4982 |   4930 |     52 |   2735 |   1483 |   4 | 1245.5 |
       Dungeon |   4982 |   4930 |     52 |   2735 |   1483 |   4 | 1245.5 |
               +--------+--------+--------+--------+--------+-----+--------+

Top non-repeatable levels by time:
     D:1: 2622 daAuts
     D:2: 1431 daAuts
     D:3: 853 daAuts
     D:4: 75 daAuts
